 Dungeon Crawl Stone Soup version 0.27-a0-1147-gb3d8e82157 (webtiles) character file.

Game seed: 85654052073429873

1223 bilbop the Covert (level 8, 0/40 HPs)
             Began as a Spriggan Enchanter on May 11, 2021.
             Succumbed to a scorpion's poison
             ... on level 6 of the Dungeon.
             The game lasted 01:05:29 (9280 turns).

bilbop the Covert (Spriggan Enchanter)              Turns: 9280, Time: 01:05:30

Health: 0/40       AC:  6    Str:  4    XL:     8   Next: 23%
Magic:  13/17      EV: 17    Int: 17    God:
Gold:   285        SH:  0    Dex: 17    Spells: 12/18 levels left

rFire    . . .     SeeInvis +   a - +2 dagger (protect)
rCold    . . .     Faith    .   (shield restricted)
rNeg     . . .     Spirit   .   v - +0 robe
rPois    .         Reflect  .   (helmet restricted)
rElec    .         Harm     .   (no cloak)
rCorr    .         Rampage  .   (gloves unavailable)
Will     +....                  (boots unavailable)
Stlth    ++++......             (no amulet)
HPRegen  0.13/turn              d - ring of wizardry
MPRegen  0.15/turn              x - +4 ring of protection

@: lethally poisoned (0 -> -7), very quick
A: very small, no large weapons, unfitting armour, see invisible, speed 3
a: no special abilities


You were on level 6 of the Dungeon.
You visited 1 branch of the dungeon, and saw 6 of its levels.

You collected 285 gold pieces.

Inventory:

Hand Weapons
 a - a +2 dagger of protection (weapon)
 b - a +0 shortbow
 g - a +1 dagger
 j - a +3 dagger
Missiles
 e - 93 sling bullets
 f - 50 arrows
 k - 60 bolts
 m - 125 stones
 o - 30 poisoned darts
Armour
 v - a +0 robe (worn)
Jewellery
 d - a ring of wizardry (left hand)
 p - a +6 ring of strength
 u - a +6 ring of strength
 x - a +4 ring of protection (right hand)
 y - a ring of fire
Scrolls
 c - 9 scrolls of identify {unknown}
 l - 4 scrolls of silence {unknown}
 r - a scroll of amnesia {unknown}
 s - a scroll of immolation {unknown}
 t - a scroll of fog {unknown}
 w - a scroll of enchant armour {unknown}
Potions
 h - a potion of flight {unknown}
 i - 2 potions of haste {unknown}
 n - 2 potions of curing {unknown}
 q - 5 potions of heal wounds {unknown}
 z - a potion of ambrosia {unknown}
 A - 2 potions of brilliance {unknown}
 B - a potion of mutation {unknown}


   Skills:
 + Level 3.3 Fighting
 + Level 4.6 Short Blades
 + Level 2.2 Bows
 - Level 2.6 Dodging
 + Level 8.0 Stealth
 + Level 5.8 Spellcasting
 + Level 6.2 Hexes


You had 12 spell levels left.
You knew the following spells:

 Your Spells              Type           Power      Damage    Failure   Level
a - Corona                Hex            28%        N/A       1%          1
b - Ensorcelled Hibernat  Hex/Ice        30%        N/A       2%          2
c - Confusing Touch       Hex            26%        N/A       1%          3

Your spell library contained the following spells:

 Spells                   Type           Power      Damage    Failure   Level
 Tukima's Dance           Hex            26%        N/A       1%          3
 Dazzling Flash           Conj/Hex       30%        N/A       4%          3
 Animate Skeleton         Necr           8%         N/A       5%          1
 Apportation              Tloc           8%         N/A       5%          1
 Pain                     Necr           16%        1d4       5%          1
 Lesser Beckoning         Tloc           2%         N/A       16%         3
 Vampiric Draining        Necr           2%         2d6       16%         3
 Animate Dead             Necr           2%         N/A       45%         4
 Invisibility             Hex            26%        N/A       50%         6
 Agony                    Necr           4%         N/A       78%         5
 Alistair's Intoxication  Tmut/Pois      2%         N/A       78%         5


Dungeon Overview and Level Annotations

Branches:
Dungeon (6/15)
 Temple: D:4-7

Altars:
Gozag
Okawaru

Annotations:
D:2 1 runed translucent door, Crazy Yiuf
D:4 2 transporters, Edmund; Mels's ghost, amateur DjAE


Innate Abilities, Weirdness & Mutations

You are very small and have problems with some larger weapons.
You are too small for most types of armour.
You have supernaturally acute eyesight. (SInv)
You cover ground extremely quickly. (Speed+++)


Message History

Casting: Ensorcelled Hibernation (safe; 2% risk of failure)
Confirm with . or Enter, or press ? or * to list all spells.
Aiming: Ensorcelled Hibernation (safe; 2% risk of failure)
Press: ? - help, Shift-Dir - straight line, f - gnoll, p - gnoll sergeant
Aim: a gnoll, wielding a +0 whip (chance to affect: 54%)
You miscast Ensorcelled Hibernation.
You are very lightly contaminated with residual magic.
Nothing appears to happen.
The gnoll sergeant misses you. The gnoll hits you with a +0 whip.
Casting: Ensorcelled Hibernation (safe; 2% risk of failure)
Confirm with . or Enter, or press ? or * to list all spells.
Your hands begin to glow red.
The gnoll sergeant closely misses you. The gnoll completely misses you.
A scorpion comes into view.
The gnoll sergeant blocks your attack. The gnoll sergeant barely misses you.
The gnoll barely misses you. The gnoll sergeant blocks your attack.
The gnoll sergeant completely misses you.
The gnoll misses you. The scorpion closely misses you.
The gnoll sergeant blocks your attack.
The gnoll sergeant completely misses you.
The gnoll completely misses you. The scorpion misses you.
You hit the scorpion but do no damage.
The scorpion appears confused.
The scorpion barely misses you.
You hit the scorpion but do no damage.
Your weapon exudes an aura of protection.
The gnoll sergeant hits you with a +0 spear.
The gnoll hits you but does no damage. The scorpion completely misses you.
The gnoll sergeant hits you from afar with a +0 spear.
Your magical contamination has completely faded away.
The scorpion barely misses the gnoll sergeant.
The gnoll sergeant throws a stone.
The stone closely misses you.
The gnoll sergeant blocks the scorpion's attack.
The gnoll sergeant throws a stone.
The stone hits you!
* * * LOW HITPOINT WARNING * * *
The scorpion stings you!
* * * LOW HITPOINT WARNING * * *
You are lethally poisoned!
The scorpion poisons you!
You die...

.....####..>.##..#####'#####.....
.....#..##....#..####..#.........
.#####...#....'........#....##'##
.#..'....#....#........#....'....
##..##...#....########'#.######..
#...##...##...).........##....###
##..##....'))........).##...§..##
######....#......).....#..≈.≈§..#
# #..###...).@......'...≈)≈..' #
#..#######'#.s....'..≈§≈...' #
#...#......#......#..≈§.≈..#
######...#......#......##......##
...)'†...#......#....g..##....##.
....#....#......#.......#######..
######.###..#####......g####..s..
##########..#######.........g.g.#
........#.........#.............#


You could see a gnoll sergeant, a scorpion and a gnoll.

Vanquished Creatures
  A sky beast (D:6)
  3 ogres (D:5)
  2 centaurs (D:5)
  A kobold brigand (D:6)
  A scorpion (D:6)
  A water moccasin skeleton (D:5)
  2 wights (D:4)
  A howler monkey (D:5)
  A jelly (D:5)
  A hound (D:5)
  A centaur skeleton (D:5)
  An iguana (D:5)
  A hound skeleton (D:4)
  A howler monkey zombie (D:5)
  12 gnolls
  7 adders
  A shadow imp (D:5)
  4 worms
  2 dart slugs
  2 orcs
  4 bats
  9 endoplasms
  6 giant cockroaches
  5 goblins
  5 hobgoblins
  5 jackals
  5 quokkas
  5 ball pythons
  12 kobolds
  7 rats
109 creatures vanquished.

Notes
Turn   | Place    | Note
-------+----------+-------------------------------------------
     0 | D:1      | bilbop the Spriggan Enchanter began the quest for the Orb.
     0 | D:1      | Reached XP level 1. HP: 9/9 MP: 5/5
   383 | D:1      | Reached XP level 2. HP: 14/14 MP: 6/6
  1250 | D:1      | Found a faded altar of an unknown god.
  1283 | D:1      | Reached XP level 3. HP: 13/17 MP: 8/8
  1571 | D:1      | Reached skill level 5 in Stealth
  2072 | D:2      | Reached skill level 1 in Fighting
  2080 | D:2      | Learned a level 2 spell: Ensorcelled Hibernation
  2440 | D:2      | Reached XP level 4. HP: 22/22 MP: 10/10
  2716 | D:2      | Found a runed translucent door.
  2717 | D:2      | Noticed Crazy Yiuf
  4265 | D:3      | Found an iron altar of Okawaru.
  4297 | D:4      | Reached XP level 5. HP: 25/25 MP: 11/11
  5389 | D:4      | Found an opulent altar of Gozag.
  5594 | D:4      | Found a transporter.
  5595 | D:4      | Noticed Mels's ghost (amateur DjAE)
  5595 | D:4      | Identified the +9 dire flail of Radicalism {holy, *Rage
                  | rElec rN+ Stlth+}
  5595 | D:4      | Noticed an ogre
  5599 | D:4      | Noticed an ogre
  5619 | D:4      | Found a transporter.
  5621 | D:4      | Noticed Edmund
  5712 | D:4      | Reached skill level 6 in Stealth
  5956 | D:5      | Entered Level 5 of the Dungeon
  5961 | D:5      | Noticed a centaur
  5977 | D:5      | Reached XP level 6. HP: 30/30 MP: 9/13
  6105 | D:5      | Reached skill level 5 in Hexes
  6303 | D:5      | Reached XP level 7. HP: 35/35 MP: 5/15
  6573 | D:5      | Reached skill level 7 in Stealth
  6696 | D:5      | Reached skill level 5 in Spellcasting
  7925 | D:5      | Reached skill level 1 in Bows
  8393 | D:6      | Reached XP level 8. HP: 40/40 MP: 13/17
  8421 | D:6      | Learned a level 3 spell: Confusing Touch
  8936 | D:6      | Reached skill level 8 in Stealth
  9279 | D:6      | HP: 2/40 [scorpion (8)]
  9280 | D:6      | Succumbed to a scorpion's poison

Illustrated notes

Levels and vault maps discovered:
D:1:      scummos_arrival_forest, layout_loops_ring,
          chequers_ecumenical_altar_island, chequers_serial_rivers_micro_e,
          grunt_decor_cap
D:2:      layout_basic, minmay_pentomino_z2, uniq_crazy_yiuf_cottage
D:3:      minmay_spotlight, layout_basic, kennysheep_okawaru_gauntlet
D:4:      layout_loops_ring, nicolae_gozag_cash_rules_everything_around_me,
          gammafunk_ghost_smash, minmay_pentangle, uniq_eustachio, uniq_grinder,
          uniq_edmund
D:5:      layout_basic
D:6:      layout_gridville, minmay_temple_entry_ruins, grunt_decor_junction,
          kennysheep_generic_room_3, uniq_blork_the_orc

Skill      XL: |  1  2  3  4  5  6  7  8 |
---------------+-------------------------+-----
Spellcasting   | 3 4 5 |  5.8
Hexes          | 4 5 6 |  6.2
Stealth        | 5 6 7 8 |  8.0
Fighting       | 1 2 3 |  3.3
Short Blades   | 2 3 4 |  4.6
Bows           | 1 2 |  2.2
Dodging        | |  2.6

Action                   |  1- 3 |  4- 6 |  7- 9 || total
-------------------------+-------+-------+-------++-------
Melee: Dagger            |    90 |   151 |   134 ||   375
 Fire: Shortbow          |       |       |     9 ||     9
 Cast: Corona            |    21 |    30 |    25 ||    76
       Ensorcelled Hiber |     8 |    28 |    38 ||    74
       Confusing Touch   |       |       |     2 ||     2
 Stab: Sleeping          |    21 |    28 |    21 ||    70
Armor: Robe              |     3 |    21 |    29 ||    53
Dodge: Dodged            |    42 |   101 |   101 ||   244

Table legend: (Time is in decaauts)
 A = Elapsed time spent in this place.
 B = Non-inter-level travel time spent in this place.
 C = Inter-level travel time spent in this place.
 D = Time resting spent in this place.
 E = Time spent auto-exploring this place.
 F = Levels seen in this place.
 G = Mean time per level.
                   A        B        C        D        E       F      G
               +--------+--------+--------+--------+--------+-----+--------+
         Total |   7456 |   6910 |    546 |   3982 |   1391 |   6 | 1242.7 |
       Dungeon |   7456 |   6910 |    546 |   3982 |   1391 |   6 | 1242.7 |
               +--------+--------+--------+--------+--------+-----+--------+

Top non-repeatable levels by time:
     D:1: 1652 daAuts
     D:3: 1499 daAuts
     D:5: 1432 daAuts
     D:2: 1021 daAuts
     D:6: 952 daAuts
     D:4: 897 daAuts
